 Dungeon Crawl Stone Soup version 0.26-a0-597-gb535b0901c (webtiles) character file.

Game seed: 15404893678977296746

4 Lanoc the Skirmisher (level 1, -3/18 HPs)
             Began as a Formicid Berserker on Sept 3, 2020.
             Was a Follower of Trog.
             Killed by divine providence
             ... invoked by an orc priest
              (12 damage)
             ... on level 3 of the Dungeon.
             The game lasted 00:00:42 (92 turns).

Lanoc the Skirmisher (Formicid Berserker)             Turns: 92, Time: 00:00:43

Health: -3/18      AC:  2    Str: 21    XL:     1   Next: 66%
Magic:  1/1        EV: 12    Int:  6    God:    Trog [*.....]
Gold:   7          SH:  0    Dex: 10    Spells: 0/0 levels left

rFire    . . .     SeeInvis +   a - +0 hand axe
rCold    . . .     Faith    .   (no shield)
rNeg     . . .     Spirit   .   b - +0 animal skin
rPois    .         Reflect  .   (helmet unavailable)
rElec    .         Harm     .   (no cloak)
rCorr    .                      (no gloves)
MR       .....                  (no boots)
Stlth    +.........             (no amulet)
HPRegen  0.06/turn              (no ring)
MPRegen  0.07/turn              (no ring)

@: no status effects
A: permanent stasis, dig shafts and tunnels, four strong arms, antennae 3
a: Dig, Shaft Self, Renounce Religion


You were on level 3 of the Dungeon.
You worshipped Trog.
Trog was aware of your devotion.
You visited 1 branch of the dungeon, and saw 3 of its levels.

You collected 7 gold pieces.

Inventory:

Hand Weapons
 a - a +0 hand axe (weapon)
Armour
 b - a +0 animal skin (worn)
Potions
 c - a potion of might {unknown}


   Skills:
 + Level 3.3 Fighting
 * Level 3.1 Axes
 + Level 2.2 Armour
 + Level 1.8 Dodging


You couldn't memorise any spells.
You didn't know any spells.
Your spell library was empty.

Dungeon Overview and Level Annotations

Branches:
Dungeon (3/15)

Altars:
Ashenzari


Innate Abilities, Weirdness & Mutations

You cannot be hasted, slowed, berserked, paralysed or teleported.
You can dig through walls and to a lower floor.
Your four strong arms can wield two-handed weapons with a shield.
You have a pair of large antennae on your head. (SInv)


Message History

The hobgoblin hits you with a +0 club. The orc barely misses you.
The kobold barely misses you.
You barely miss the hobgoblin.
The hobgoblin is heavily wounded.
You barely miss the kobold. You hit the orc.
You kill the orc!
Trog accepts your kill. The kobold barely misses you.
The hobgoblin barely misses you.
You hit the kobold but do no damage. You hit the hobgoblin. You hit the kobold.
You kill the kobold!
Trog accepts your kill. The hobgoblin barely misses you.
The kobold hits you with a +0 club.
The orc priest begins to cast a cantrip, but forgets the words!
The kobold throws a stone.
The stone closely misses you.
You see here a stone.
You see here a scroll labeled SEXAMN ONNIKAJ.
The orc priest mumbles some strange prayers to Beogh against you.
Beogh smites you!
Ouch! That really hurt!
You die...

#.####.# #..)...#
#####o.# #..#
#####..# .......#
#####.## #.#
##############
#†#####.oK?g@..^....
##(<†o.g############
{##......# ######.#
... .... #####


You could see an orc priest, an orc, 2 hobgoblins and a kobold.

Vanquished Creatures
  An orc (D:3)
  A bat (D:3)
  A kobold (D:3)
  A rat (D:2)
4 creatures vanquished.

Notes
Turn   | Place    | Note
-------+----------+-------------------------------------------
     0 | D:1      | Lanoc the Formicid Berserker began the quest for the Orb.
     0 | D:1      | Reached XP level 1. HP: 18/18 MP: 1/1
    29 | D:3      | Noticed an orc priest
    40 | D:3      | Found a shattered altar of Ashenzari.
    92 | D:3      | Killed from afar by an orc priest

Illustrated notes

Levels and vault maps discovered:
D:1:      dpeg_arrival_leaves_temple_mockup, layout_basic, serial_glass,
          glass_columns_b, glass_columns_c, minmay_strange_pillars, minivault_24
D:2:      layout_loops_ring, grunt_temple_overflow_gold_and_silver,
          kennysheep_generic_room_11, uniq_jessica
D:3:      layout_loops_ring, lemuel_crystal_altar, nicolae_ashenzari_panopticon,
          marbit_many_paths, lightli_sewer_entry_pipes

Action                   || total
-------------------------++-------
Melee: Hand axe          ||    10
 Abil: Dig               ||     1
 Stab: Sleeping          ||     1
Armor: Animal skin       ||    16
Dodge: Dodged            ||    33

Table legend: (Time is in decaauts)
 A = Elapsed time spent in this place.
 B = Non-inter-level travel time spent in this place.
 C = Inter-level travel time spent in this place.
 D = Time resting spent in this place.
 E = Time spent auto-exploring this place.
 F = Levels seen in this place.
 G = Mean time per level.
                   A        B        C        D        E       F      G
               +--------+--------+--------+--------+--------+-----+--------+
         Total |     93 |     93 |      0 |      0 |      5 |   3 |   31.0 |
       Dungeon |     93 |     93 |      0 |      0 |      5 |   3 |   31.0 |
               +--------+--------+--------+--------+--------+-----+--------+

Top non-repeatable levels by time:
     D:3: 64 daAuts
     D:1: 15 daAuts
     D:2: 14 daAuts
